 Dungeon Crawl Stone Soup version 0.30-a0-373-gd37427bb62 (webtiles) character file.

Game seed: 2127474634576809861

156 garrulousMonolith the Shield-Bearer (level 5, -3/33 HPs)
             Began as a Gargoyle Fighter on Nov 24, 2022.
             Slain by an ogre
             ... wielding a +0 giant club
              (20 damage)
             ... on level 4 of the Dungeon.
             The game lasted 00:04:24 (2709 turns).

garrulousMonolith the Shield-Bearer (GrFi)          Turns: 2709, Time: 00:04:25

Health: -3/33      AC: 17    Str: 19    XL:     5   Next: 38%
Magic:  6/6        EV:  7    Int:  9    God:
Gold:   145        SH:  9    Dex: 11    Spells: 4/4 levels left

rFire   . . .      SeeInvis .    a - +0 flail
rCold   + . .      Faith    .    c - +0 buckler
rNeg    + . .      Spirit   .    e - +0 chain mail
rPois   ∞          Reflect  +    z - +0 helmet
rElec   +          Harm     .    y - +2 cloak {rPois}
rCorr   .          Rampage  .    (no gloves)
Will    .....                    (no boots)
Stlth   ..........               v - amulet of reflection
HPRegen 0.25/turn                f - ring of protection from cold
MPRegen 0.10/turn                (no ring)

@: no status effects
A: sickness immunity, AC +4, negative energy resistance 1, electricity
resistance, torment resistance 1, petrification resistance
a: no special abilities


You were on level 4 of the Dungeon.
You visited 1 branch of the dungeon, and saw 4 of its levels.

You collected 145 gold pieces.

Inventory:

Hand Weapons
 a - a +0 flail (weapon)
 t - a +0 dagger of venom
Missiles
 i - 13 poisoned darts (quivered)
Armour
 c - a +0 buckler (worn)
 e - a +0 chain mail (worn)
 y - a +2 cloak of poison resistance (worn)
 z - a +0 helmet (worn)
Jewellery
 f - a ring of protection from cold (left hand)
 v - an amulet of reflection (around neck)
Wands
 d - a wand of flame (24)
 x - a wand of roots (9)
Scrolls
 b - a scroll of summoning {unknown}
 h - a scroll of torment {unknown}
 j - 2 scrolls of teleportation
 k - a scroll of magic mapping {unknown}
 o - a scroll of brand weapon {unknown}
 p - a scroll of identify {unknown}
 r - a scroll of fear {unknown}
 s - a scroll of blinking {unknown}
 u - a scroll of immolation {unknown}
Potions
 g - a potion of ambrosia {unknown}
 l - a potion of heal wounds {unknown}
 m - 2 potions of lignification {unknown}
 n - 3 potions of cancellation {unknown}
 q - a potion of haste {unknown}
 w - a potion of berserk rage {unknown}
 A - a potion of curing {unknown}


   Skills:
 + Level 3.8 Fighting
 * Level 3.3 Maces & Flails
 + Level 3.8 Armour
 + Level 1.3 Dodging
 + Level 3.9 Shields
 + Level 1.6 Invocations


You had 4 spell levels left.
You didn't know any spells.
Your spell library contained the following spells:

 Spells                   Type           Power      Damage    Failure   Level
 Kiss of Death            Conj/Necr      0%         2d5       99%         1
 Confusing Touch          Hex            0%         N/A       100%        3
 Tukima's Dance           Hex            0%         N/A       100%        3
 Dispel Undead            Necr           0%         3d6       100%        4
 Passage of Golubria      Tloc           0%         N/A       100%        4
 Yara's Violent Unravell  Hex/Tmut       0%         3d3       100%        5


Dungeon Overview and Level Annotations

Branches:
Dungeon (4/15)
 Temple: D:4-7

Altars:

Annotations:
D:4 Menkaure


Innate Abilities, Weirdness & Mutations

You are immune to sickness and miasma.
Your stone body is resilient. (AC +4)
You are immune to poison.
You resist negative energy. (rN+)
You are resistant to electric shocks. (rElec)
You are resistant to unholy torment.
You are immune to petrification.


Message History

You kill the endoplasm!
You sock the endoplasm!
You kill the endoplasm!
No target in view!
No target in view!
No target in view!
No target in view!
No target in view!
No target in view!
No target in view!
No target in view!
No target in view!
No target in view!
No target in view!
No target in view!
No target in view!
No target in view!
HP restored.
An ogre comes into view. It is wielding a +0 giant club.
Found 9 gold pieces.
The ogre moves out of view.
No target in view!
A hobgoblin comes into view.
The hobgoblin shouts!
A hobgoblin is nearby!
A hobgoblin is nearby!
Menkaure, Prince of Dust comes into view.
Menkaure shouts!
Found 6 stones.
The hobgoblin hits you but does no damage.
You thump the hobgoblin!
You kill the hobgoblin!
You thump the ogre!
The ogre is moderately wounded.
You block the ogre's attack.
You hit the ogre.
The ogre is heavily wounded.
Menkaure hits you!
The ogre hits you with a +0 giant club!!
Ouch! That really hurt!
You die...

....#. ....... #.
#..###. ........#.
#...#.(
........#.###.....## .
....#........... ..###.#
.####...<......##......#
####..........$#.......
..##............O.......
................@M......
....#........#$#.##..##.
....#.#.....##.#.# #
..####..##.###...#
.###......).##...# .#
##.(###..##..## .#
#...####.###.#
.####....#..# ..#
..##.........


You could see an ogre and Menkaure.

Vanquished Creatures
  Crazy Yiuf (D:3)
  Ijyb (D:3)
  2 adders
  A worm (D:3)
  A dart slug (D:2)
  4 orcs
  4 bats
  10 endoplasms
  5 giant cockroaches
  8 goblins
  9 hobgoblins
  4 jackals (D:1)
  6 kobolds
  A quokka (D:2)
  4 frilled lizards
  3 rats
64 creatures vanquished.

Vanquished Creatures (others)
  8 fungi (D:2)
8 creatures vanquished.

Grand Total: 72 creatures vanquished

Notes
Turn   | Place    | Note
-------+----------+-------------------------------------------
     0 | D:1      | garrulousMonolith the Gargoyle Fighter began the quest for
                  | the Orb.
     0 | D:1      | Reached XP level 1. HP: 14/14 MP: 1/1
    73 | D:1      | Reached XP level 2. HP: 19/19 MP: 2/2
   344 | D:1      | Reached XP level 3. HP: 23/23 MP: 3/3
  1473 | D:3      | Reached skill level 1 in Invocations
  1597 | D:3      | Reached XP level 4. HP: 28/28 MP: 4/4
  1643 | D:3      | Noticed Ijyb
  1656 | D:3      | Killed Ijyb
  1657 | D:3      | Reached skill level 1 in Dodging
  2057 | D:3      | Found a runed translucent door.
  2058 | D:3      | Noticed Crazy Yiuf
  2323 | D:3      | HP: 2/43 [Crazy Yiuf/+2 quarterstaff of chaos (1)]
  2326 | D:3      | Killed Crazy Yiuf
  2327 | D:3      | Reached XP level 5. HP: 3/33 MP: 4/6
  2702 | D:4      | Noticed an ogre
  2704 | D:4      | Noticed Menkaure
  2709 | D:4      | Slain by an ogre

Illustrated notes

Levels and vault maps discovered:
D:1:      minmay_arrival_plants_in_alcoves, layout_loops_ring
D:2:      layout_loops_ring, dreamdust_mushroom_princess
D:3:      layout_basic, serial_corexii_hall, corexii_hall_statues_i,
          corexii_hall_statues_u, chequers_serial_rivers_micro_e, uniq_ijyb,
          uniq_crazy_yiuf_cottage
D:4:      layout_cave_pools, jmf_multi_god_temple, uniq_menkaure, uniq_grinder

Skill      XL: |  1  2  3  4 |
---------------+-------------+-----
Invocations    | 1 |  1.6
Maces & Flails | 3 |  3.3
Dodging        | 1 |  1.3
Fighting       | |  3.8
Armour         | |  3.8
Shields        | |  3.9

Action                   |  1- 3 |  4- 6 || total
-------------------------+-------+-------++-------
Melee: Flail             |   133 |   105 ||   238
  Use: Scroll            |       |     1 ||     1
       Potion            |       |     1 ||     1
Armor: Chain mail        |    88 |    88 ||   176
       Scale mail        |     1 |       ||     1
Dodge: Dodged            |    43 |    33 ||    76
Block: Buckler           |    27 |    53 ||    80
       Reflection        |       |     1 ||     1

Table legend: (Time is in decaauts)
 A = Elapsed time spent in this place.
 B = Non-inter-level travel time spent in this place.
 C = Inter-level travel time spent in this place.
 D = Time resting spent in this place.
 E = Time spent auto-exploring this place.
 F = Levels seen in this place.
 G = Mean time per level.
                   A        B        C        D        E       F      G
               +--------+--------+--------+--------+--------+-----+--------+
         Total |   2793 |   2733 |     60 |    377 |   1746 |   4 |  698.2 |
       Dungeon |   2793 |   2733 |     60 |    377 |   1746 |   4 |  698.2 |
               +--------+--------+--------+--------+--------+-----+--------+

Top non-repeatable levels by time:
     D:3: 1187 daAuts
     D:1: 788 daAuts
     D:2: 653 daAuts
     D:4: 164 daAuts
